 Dungeon Crawl Stone Soup version 0.24.0-13-gcf9b319 (webtiles) character file.

Game seed: 11875899446979457301, levelgen mode: deterministic

9183 shmeve the Cleaver (level 11, -9/103 HPs)
             Began as a Minotaur Berserker on Apr 13, 2020.
             Was a High Priest of Trog.
             Mangled by a purple ugly thing (11 damage)
             ... on level 11 of the Dungeon.
             The game lasted 00:14:59 (9112 turns).

shmeve the Cleaver (Minotaur Berserker)             Turns: 9112, Time: 00:15:00

Health: -9/103     AC: 17    Str: 23    XL:     11   Next: 19%
Magic:  10/10      EV: 11    Int:  5    God:    Trog [*****.]
Gold:   677        SH:  0    Dex: 11    Spells: 10/10 levels left

rFire    . . .     SeeInvis .   A - +0 battleaxe
rCold    . . .     Gourm    .   (shield currently unavailable)
rNeg     . . .     Faith    +   F - +3 chain mail
rPois    +         Spirit   .   b - +2 hat
rElec    .         Reflect  .   (no cloak)
rCorr    .         Harm     .   s - +0 pair of gloves
MR       .....                  (no boots)
Stlth    ..........             h - amulet of faith
HPRegen  0.27/turn              k - ring of poison resistance
MPRegen  0.12/turn              (no ring)

@: no status effects
A: retaliatory headbutt, horns 2
a: Berserk, Trog's Hand, Brothers in Arms, Renounce Religion


You were on level 11 of the Dungeon.
You worshipped Trog.
Trog was extremely pleased with you.
You were not hungry.

You visited 1 branch of the dungeon, and saw 9 of its levels.

You collected 677 gold pieces.

Inventory:

Hand Weapons
 A - a +0 battleaxe (weapon)
 B - a +5 broad axe
Missiles
 w - 7 javelins (quivered)
Armour
 b - a +2 hat (worn)
 s - a +0 pair of gloves (worn)
 F - a +3 chain mail (worn)
Jewellery
 h - an amulet of faith (around neck)
 k - a ring of poison resistance (left hand)
Scrolls
 d - 3 scrolls of identify
 e - 4 scrolls of remove curse {unknown}
 f - 2 scrolls of teleportation {unknown}
 n - a scroll of summoning {unknown}
 q - a scroll of fear {unknown}
 r - 4 scrolls of amnesia {unknown}
 v - 2 scrolls of enchant armour {unknown}
 y - a scroll of enchant weapon {unknown}
 C - 4 scrolls of magic mapping {unknown}
 D - 2 scrolls of random uselessness {unknown}
 E - a scroll of blinking {unknown}
Potions
 g - 2 potions of mutation {unknown}
 i - 3 potions of heal wounds {unknown}
 j - 2 potions of ambrosia {unknown}
 l - 4 potions of lignification {unknown}
 m - a potion of cancellation {unknown}
 o - 2 potions of haste {unknown}
 p - 2 potions of brilliance {unknown}
 t - a potion of might {unknown}
 u - a potion of curing {unknown}
 x - a potion of magic {unknown}
 z - a potion of flight {unknown}
Comestibles
 a - 3 chunks of flesh
 c - 11 rations


   Skills:
 * Level 11.6 Fighting
 * Level 11.7 Axes
 + Level 6.5 Throwing
 + Level 8.2 Armour
 + Level 7.5 Dodging


You had 10 spell levels left.
You didn't know any spells.
Your spell library was empty.

Dungeon Overview and Level Annotations

Branches:
Dungeon (8/15)             Temple (0/1) D:5
   Lair: D:8-11

Altars:
Ashenzari
Hepliaklqana
Kikubaaqudgha
Makhleb
Nemelex Xobeh
Qazlal
Trog
Uskayaw
Vehumet
Xom
Beogh

Shops:
D:4 ***[


Innate Abilities, Weirdness & Mutations

You reflexively headbutt those who attack you in melee.
You have a pair of horns on your head.


Message History

You slip free of the water engulfing you.
You gasp with relief as air once again reaches your lungs.
The electric eel shoots out a bolt of lightning at you!
The bolt of electricity hits you.
* * * LOW HITPOINT WARNING * * *
The bolt of electricity hits the water elemental.
The water elemental resists.
Unknown command.
You closely miss the electric eel. You slash the water elemental!
You destroy the water elemental!
Trog accepts your kill.
You hit the purple ugly thing.
The purple ugly thing barely misses you.
Unknown command.
You slash the electric eel!
You kill the electric eel!
Trog accepts your kill.
You hit the purple ugly thing. You hit the jackal.
The purple ugly thing claws you!
You die...

...†.†......
.......#..........
...†##.###.≈
≈#........######..
##.#...#
#..##...........
.........
#..##....###.##.
##...###### ####..
#.#.## ##.....
...#≈≈#..##.#.##
##.#####
#..≈≈≈≈.#......#
##.#
........h...#..# #
#..≈≈≈≈@uh#.#..#
≈..≈≈≈≈.≈.#.#..h.
≈..≈≈≈≈.........#.
≈..≈≈≈≈.≈.#.....>
.
≈..≈≈≈≈.≈.#.##....
≈≈.≈≈≈≈.≈.#.# ..
..........#.# ..
#≈.≈≈≈≈.≈##


You could see a purple ugly thing and 2 jackals.

Vanquished Creatures
  An ogre mage (D:11)
  The ghost of dredge the Protected, a novice MiBe of Trog (D:7)
  The ghost of dredge the Carver, a novice MiFi of the Shining One (D:7)
  The ghost of dredge the Carver, a novice MiBe of Trog (D:6)
  A komodo dragon (D:11)
  A kobold demonologist (D:11)
  A hornet (D:7)
  Grinder (D:6)
  A hippogriff (D:7)
  Sigmund (D:2)
  A water elemental (D:11)
  4 yaks (D:11)
  A hungry ghost (D:7)
  A vampire mosquito (D:11)
  A warg (D:6)
  2 porcupines (D:8)
  3 orc warriors
  2 ice beasts
  A black bear (D:8)
  3 ogres
  A necrophage (D:11)
  3 centaurs
  17 big kobolds (D:11)
  2 bullfrogs
  A wyvern skeleton (D:6)
  2 scorpions (D:8)
  8 killer bees
  4 wights (D:6)
  6 howler monkeys
  An electric eel (D:11)
  A bullfrog zombie (D:5)
  A jelly (D:11)
  3 orc priests
  A centaur skeleton (D:6)
  3 hounds
  A bullfrog skeleton (D:4)
  An iguana (D:8)
  11 orc wizards
  9 worker ants
  A worker ant zombie (D:8)
  Robin (D:2)
  A howler monkey skeleton (D:4)
  8 adders
  7 gnolls
  9 river rats (D:5)
  2 shadow imps (D:11)
  An adder zombie (D:7)
  3 worms
  4 dart slugs
  4 leopard geckos
  28 orcs
  5 bats
  7 giant cockroaches
  14 goblins
  7 hobgoblins
  3 jackals (D:5)
  8 quokkas
  3 ball pythons
  4 frilled lizards
  A jackal skeleton (D:5)
  13 kobolds
  21 rats
  3 fungi (D:8)
  A plant (D:8)
264 creatures vanquished.

Vanquished Creatures (others)
  A fungus (D:8)
1 creature vanquished.

Grand Total: 265 creatures vanquished

Notes
Turn   | Place    | Note
-------+----------+-------------------------------------------
     0 | D:1      | shmeve the Minotaur Berserker began the quest for the Orb.
     0 | D:1      | Reached XP level 1. HP: 19/19 MP: 0/0
   208 | D:1      | Reached XP level 2. HP: 20/27 MP: 1/1
   488 | D:1      | You fall into a shaft and drop 1 floor!
   488 | D:2      | Noticed Robin
   494 | D:2      | Killed Robin
   501 | D:2      | Reached XP level 3. HP: 31/33 MP: 2/2
   517 | D:2      | Reached ** piety under Trog
  1013 | D:1      | Reached skill level 1 in Throwing
  1424 | D:2      | You fall into a shaft and drop 1 floor!
  1576 | D:3      | Found a shattered altar of Ashenzari.
  1640 | D:2      | Found a burning altar of Makhleb.
  1640 | D:2      | Found a radiant altar of Vehumet.
  1736 | D:2      | Reached XP level 4. HP: 37/41 MP: 3/3
  1938 | D:2      | Found a hazy altar of Hepliaklqana.
  2232 | D:2      | Noticed Sigmund
  2244 | D:2      | Killed Sigmund
  2244 | D:2      | Reached skill level 5 in Fighting
  2244 | D:2      | Reached skill level 5 in Axes
  2244 | D:2      | Reached XP level 5. HP: 48/48 MP: 4/4
  2712 | D:3      | Found a sparkling altar of Nemelex Xobeh.
  2889 | D:3      | Reached XP level 6. HP: 48/56 MP: 5/5
  3539 | D:4      | Found Ostokh's Assorted Antiques.
  3721 | D:4      | Found Yfoos's Armour Shoppe.
  3787 | D:4      | Found an ancient bone altar of Kikubaaqudgha.
  3963 | D:4      | Found Sope's Assorted Antiques.
  3988 | D:4      | Found Toamuc's Assorted Antiques.
  4171 | D:5      | Entered Level 5 of the Dungeon
  4179 | D:5      | Found a staircase to the Ecumenical Temple.
  4191 | D:5      | Reached *** piety under Trog
  4402 | D:5      | Noticed an ice beast
  4403 | D:5      | Reached XP level 7. HP: 63/63 MP: 6/6
  4558 | D:5      | Found a shimmering altar of Xom.
  4558 | D:5      | Found a stormy altar of Qazlal.
  4874 | D:5      | Found a hide-covered altar of Uskayaw.
  5389 | D:5      | Reached XP level 8. HP: 73/73 MP: 7/7
  5698 | D:6      | Reached **** piety under Trog
  6021 | D:6      | Noticed Grinder
  6025 | D:6      | Killed Grinder
  6025 | D:6      | Reached skill level 5 in Armour
  6812 | D:6      | Found a runed translucent gate.
  6812 | D:6      | Found a runed translucent gate.
  6812 | D:6      | Found a runed translucent gate.
  6813 | D:6      | Noticed dredge's ghost (novice MiBe)
  6817 | D:6      | Found a roughly hewn altar of Beogh.
  6834 | D:6      | Killed dredge's ghost
  6834 | D:6      | Reached skill level 5 in Dodging
  6834 | D:6      | Reached XP level 9. HP: 23/82 MP: 8/8
  7661 | D:7      | Found a bloodstained altar of Trog.
  7671 | D:7      | Reached skill level 5 in Throwing
  8018 | D:7      | Found a runed translucent gate.
  8019 | D:7      | Found a runed translucent gate.
  8019 | D:7      | Found a runed translucent gate.
  8020 | D:7      | Noticed dredge's ghost (novice MiBe)
  8020 | D:7      | Noticed dredge's ghost (novice MiFi)
  8034 | D:7      | Killed dredge's ghost
  8034 | D:7      | Reached skill level 10 in Axes
  8034 | D:7      | Reached XP level 10. HP: 93/93 MP: 9/9
  8041 | D:7      | Killed dredge's ghost
  8041 | D:7      | Reached skill level 10 in Fighting
  8264 | D:8      | Reached ***** piety under Trog
  8424 | D:8      | Found a sparkling altar of Nemelex Xobeh.
  8469 | D:8      | You fall into a shaft and drop 3 floors!
  8469 | D:11     | Noticed an ogre mage
  8475 | D:11     | Killed an ogre mage
  8775 | D:11     | Reached XP level 11. HP: 97/102 MP: 10/10
  8959 | D:11     | Received a gift from Trog
  9096 | D:11     | Noticed a purple ugly thing
  9108 | D:11     | HP: 3/103 [purple ugly thing (9)]
  9109 | D:11     | HP: 1/103 [electric eel/bolt of electricity (2)]
  9112 | D:11     | Mangled by a purple ugly thing

Levels and vault maps discovered:
D:1:      minmay_arrival_stair_chambers, layout_basic
D:2:      layout_loops_corners, nicolae_overflow_hidden_temple,
          lemuel_coloured_pillars_altar, uniq_sigmund, uniq_robin
D:3:      layout_rooms, old_standard_altar, nicolae_ashenzari_panopticon,
          minmay_misc_feat_iff
D:4:      layout_loops_corners, nicolae_overflow_crystal_walls, first_ration,
          serial_shops, nicolae_shop_trees, shop_statue, kennysheep_mini,
          nicolae_shop_crystal
D:5:      lemuel_ratsnest, layout_loops_ring,
          chequers_temple_overflow_statue_of_worship, lemuel_round_altar,
          minmay_temple_entry_wispy
D:6:      layout_basic, biasface_ghost_orc_armoury, uniq_grinder
D:7:      layout_basic, overflow_temple_1_default, gammafunk_ghost_cemetery,
          serial_glass, glass_columns_a, glass_columns_b, glass_columns_b,
          glass_columns_a, glass_columns_a, grunt_ministairs_6
D:8:      lemuel_bear_cage, layout_loops_ring, grunt_lair_entry_orc_guard_hut,
          basic_altar
D:11:     minmay_distorted_concentric_squares, layout_basic, erik_orc_1,
          special_room [special_room_kobold], minmay_another_anthill

Skill      XL: |  1  2  3  4  5  6  7  8  9 10 |
---------------+-------------------------------+-----
Fighting       | 4 5 6 7 8 9 11 | 11.6
Axes           | 4 5 6 7 8 10 11 | 11.7
Throwing       | 1 2 3 4 5 6 |  6.5
Armour         | 3 4 5 6 8 |  8.2
Dodging        | 3 4 5 6 7 |  7.5

Action                   |  1- 3 |  4- 6 |  7- 9 | 10-12 || total
-------------------------+-------+-------+-------+-------++-------
Melee: Hand axe          |    91 |   113 |   105 |       ||   309
       Headbutt          |    12 |    28 |    40 |    30 ||   110
       Battleaxe         |       |       |   100 |   147 ||   247
Throw: Javelin           |       |       |     1 |       ||     1
Invok: Berserk           |     1 |     1 |     6 |     3 ||    11
       Trog's Hand       |       |     1 |     5 |     3 ||     9
  Use: Scroll            |       |       |     4 |     1 ||     5
  Eat: Chunk             |     3 |     7 |    15 |     9 ||    34
       Ration            |       |     1 |     1 |       ||     2
Armor: Animal skin       |    21 |    16 |    12 |       ||    49
       Chain mail        |       |       |    69 |   134 ||   203
Dodge: Dodged            |    65 |    64 |   171 |   147 ||   447
